cohdb
Replays
Latest Replays
All Replays
Popular Replays
Top Player Replays
Match Explorer
How It Works
Community
CoH3 Stats
Reddit
Sign in to upload your games and track your stats! →
Sign in with Steam
Match 41021095
Unlisted
Match 41021095
Overview
Messages
Build Orders
End
Engineer Squad
Construct Barracks
Riflemen Squad
Riflemen Squad
Grenade Package
M1 Mortar Team
Mechanized Support Center
Construct Motor Pool
M8 Greyhound Armored Car
M1918 Browning Automatic Rifles
Selects Airborne Battlegroup
Selects Heavy Machine Gun Paradrop
Selects Paratrooper Squad Paradrop
Selects Anti-tank Gun Team Paradrop
Paratrooper Squad Paradrop
Construct Tank Depot
Heavy Machine Gun Paradrop
Selects Recon Loiter
Selects Supply Drop
M4A1 Sherman Medium Tank
Selects Dual P-47 Rocket Strike
Engineer Squad
M4A1 Sherman Medium Tank
lushmeadow
PlammX
[PD]Folscher
Manu
0
0
Comments
sign in to comment!
No comments posted yet!